 Dungeon Crawl Stone Soup version 0.25-a0-424-g80bd347 (webtiles) character file.

Game seed: 16448197481967642581, levelgen mode: deterministic

54193 2tousent the Unseen (level 14, -2/112 HPs)
             Began as a Felid Berserker on Jan 21, 2020.
             Was the Champion of Trog.
             Slain by a naga warrior
             ... wielding a +0 vorpal mace
              (18 damage)
             ... on level 2 of the Snake Pit.
             The game lasted 01:16:22 (29869 turns).

2tousent the Unseen (Felid Berserker)              Turns: 29869, Time: 01:16:22

Health: -2/112     AC:  3    Str: 20    XL:     14   Next: 33%
Magic:  18/20      EV: 36    Int: 10    God:    Trog [******]
Gold:   962        SH:  0    Dex: 24    Spells: 13/13 levels left
                                        Lives:  0   Deaths: 4

rFire    + . .     SeeInvis +     - Unarmed
rCold    + + .     Gourm    .   (shield unavailable)
rNeg     . . .     Faith    .   (armour unavailable)
rPois    +         Spirit   .   (helmet unavailable)
rElec    .         Reflect  .   (cloak unavailable)
rCorr    .         Harm     .   (gloves unavailable)
MR       +++++                  (boots unavailable)
Stlth    ..........             W - amulet of the acrobat
HPRegen  1.28/turn              w - ring of Aroul {rPois MR+ Stlth+}
MPRegen  0.17/turn              D - ring "Qitrig" {rF+ rC+ Str+2 Dex+5 SInv}

@: berserking, lethally poisoned (-2 -> -2), regenerating, studying 2 skills,
very quick
A: very small, no armour, no weapons or thrown items, stealth, claws 1, fangs 3,
see invisible, carnivore, speed 1, shaggy fur 3, slow metabolism 1, sharp paws
a: Berserk, Trog's Hand, Brothers in Arms, Renounce Religion


You were on level 2 of the Snake Pit.
You worshipped Trog.
Trog was exalted by your worship.
You were near starving.

You visited 5 branches of the dungeon, and saw 27 of its levels.

You collected 2382 gold pieces.
You spent 1420 gold pieces at shops.

Inventory:

Jewellery
 h - an uncursed ring of positive energy
 k - an uncursed ring of ice
 m - an uncursed ring of protection from magic
 o - a +4 ring of evasion
 w - the ring of Aroul (left paw) {rPois MR+ Stlth+}
   (You bought it in a shop on level 2 of the Orcish Mines)

   [ring of stealth]

   It protects you from poison.
   It affects your resistance to hostile enchantments.
   It makes you more stealthy.
 D - the ring "Qitrig" (right paw) {rF+ rC+ Str+2 Dex+5 SInv}
   (You acquired it on level 10 of the Dungeon)

   [ring of strength]

   It affects your strength (+2).
   It affects your dexterity (+5).
   It protects you from fire.
   It protects you from cold.
   It lets you see invisible.
 E - the ring of Suspicion {-Tele rElec rC+ Int+3}
   (You took it off Jorgrun on level 13 of the Dungeon)

   [ring of intelligence]

   It affects your intelligence (+3).
   It protects you from cold.
   It insulates you from electricity.
   It prevents most forms of teleportation.
 I - a cursed amulet of inaccuracy
 M - the ring of Sockof {rC+ Int+6}
   (You found it on level 13 of the Dungeon)

   [ring of protection from cold]

   It affects your intelligence (+6).
   It protects you from cold.
 N - a cursed ring of attention
 P - an uncursed amulet of rage
 S - an uncursed amulet of harm
 T - an uncursed ring of positive energy
 U - an uncursed ring of flight
 W - an amulet of the acrobat (around neck)
 Y - the ring of Shadows {Umbra +Inv Stlth+}
   (You bought it in a shop on level 1 of the Snake Pit)

   [ring of stealth]

   It lets you turn invisible.
   It makes you more stealthy.
Wands
 q - a wand of paralysis (12)
 s - a wand of acid (11)
 v - a wand of random effects (12)
 y - a wand of iceblast (21)
 L - a wand of digging (5)
 O - a wand of enslavement (17)
Scrolls
 d - 16 scrolls of teleportation
 n - 4 scrolls of amnesia
 r - 14 scrolls of remove curse
 u - 7 scrolls of enchant armour
 F - a scroll of silence
 G - a scroll of fog
 K - 3 scrolls of vulnerability
 R - 2 scrolls of identify
 V - 4 scrolls of random uselessness
 Z - a scroll of fear
Potions
 b - 6 potions of curing
 c - a potion of cancellation
 e - 3 potions of brilliance
 f - 3 potions of mutation
 g - 3 potions of heal wounds
 i - 4 potions of flight
 j - a potion of haste
 l - 2 potions of degeneration
 p - 4 potions of might
 t - 2 potions of agility
 A - a potion of berserk rage
 B - 4 potions of lignification
 J - a potion of resistance
Books
 C - a manual of Stealth
 H - a manual of Fighting
Miscellaneous
 x - a lightning rod (4/4)
 Q - a fan of gales
 X - a box of beasts
Comestibles
 a - 47 rations


   Skills:
 + Level 16.7 Fighting
 + Level 17.4 Dodging
 - Level 20.0 Stealth
 * Level 16.7 Unarmed Combat
 + Level 7.0 Evocations


You had 13 spell levels left.
You didn't know any spells.
Your spell library was empty.

Dungeon Overview and Level Annotations

Branches:
Dungeon (15/15)            Temple (0/1) D:7            Lair (6/6) D:9
 Shoals (0/4) Lair:3        Snake (3/4) Lair:3        Slime (0/5) Lair:5
    Orc (2/2) D:10            Elf (0/3) Orc:2        Vaults (0/5) D:14
 Depths (1/5) D:15

Altars:
Ashenzari
Dithmenos
Kikubaaqudgha
Nemelex Xobeh
Trog
Vehumet
Wu Jian
Xom
Yredelemnul
Jiyva

Shops:
D:4 [   D:10 ::=   D:13 [   Orc:2 [=*(   Snake:1 (%=*

Portals:
Ice
Cave: Snake:2

Annotations:
D:9 3 runed translucent doors, RedSky's ghost, novice FeTm
Snake:2 exclusion: ice statue


Innate Abilities, Weirdness & Mutations

You cannot wear armour.
You are incapable of wielding weapons or throwing items.
Your paws allow you to move quietly. (Stealth)
You have sharp claws.
You have razor-sharp teeth.
You have supernaturally acute eyesight. (SInv)
You are carnivorous and can eat meat at any time.
You cover ground quickly.
Your thick and shaggy fur keeps you warm. (AC +3, rC+)
You have a slow metabolism.
Your sharp claws are effective at attacking unaware monsters.


Message History

Your Evocations skill increases to level 7!
The naga mage hits you from afar with a +0 halberd!
* * * LOW HITPOINT WARNING * * *
Your cyclops hits the naga warrior!!!
You hear a shout!
You hear an angry hiss.
You hear a shout!
You claw the salamander mystic!
The salamander mystic is moderately wounded.
The black mamba barely misses you. The naga warrior spits poison at you.
The splash of poison hits you.
You are poisoned.
You resist.
* * * LOW HITPOINT WARNING * * *
The salamander mystic completely misses you.
You eviscerate the salamander mystic!!! You bite the salamander mystic.
The salamander mystic is almost dead.
You feel sick. The black mamba completely misses you.
The naga mage completely misses you.
Your cyclops hits the naga warrior!!
The naga warrior hits you with a +0 vorpal mace!!
You die...

##. ..#. .#. .. ..
##. #####
....##..####....#
N
....#..#..#......
..
....#...#C.Y..8.∩.
...#.....N†#......
...#...N.S@# ...)#
.........N.# ####
#......N######
#...#..S.....#
#.#...........##
.......)......#
...#.###.....##
...........#.#
........#...##


You could see a naga warrior, a salamander mystic, an anaconda, a black mamba, 2
naga magi, an ice beast and a friendly cyclops (berserk).

Vanquished Creatures
  Nikola (Snake:1)
  Jorgrun (D:13)
  Kirke (Lair:5)
  Roxanne (Snake:1)
  A nagaraja (Snake:2)
  A fire giant (D:14)
  An orc warlord (Orc:2)
  Snorg (Orc:2)
  An ettin (D:15)
  An ogre mage (D:14)
  8 hydras
  Erolcha (D:9)
  A naga warrior (Snake:3)
  4 centaur warriors
  A catoblepas (D:13)
  3 anacondas
  6 two-headed ogres
  2 death knights
  Erica (Lair:1)
  A death yak (D:9)
  Urug (D:10)
  An orc high priest (Orc:2)
  3 tengu warriors
  2 naga sharpshooters
  2 shock serpents (Snake:1)
  14 spriggans (Lair:6)
  A hell knight (D:15)
  An unseen horror (D:15)
  A sea snake (Snake:3)
  A naga ritualist (Snake:1)
  5 orc knights
  A deep elf archer (D:15)
  2 deep elf magi
  4 orc sorcerers (Orc:2)
  9 ugly things
  3 cyclopes
  4 mana vipers
  4 manticores
  A salamander (Snake:1)
  4 centaur zombies
  7 elephants
  5 naga magi
  12 black mambas
  5 gargoyles
  A torpor snail (Lair:4)
  8 spiny frogs
  2 kobold demonologists
  3 freezing wraiths
  10 komodo dragons
  An efreet (D:13)
  A yaktaur (D:15)
  A rime drake (Lair:1)
  12 trolls
  7 polar bears
  5 hornets
  13 blink frogs
  12 hippogriffs
  9 dream sheep
  3 shadows
  31 yaks
  A wyvern (Lair:4)
  3 wraiths
  4 vampire mosquitoes (D:13)
  3 basilisks
  A hungry ghost (D:12)
  7 nagas
  Menkaure (D:7)
  4 wargs
  Edmund (D:5)
  9 porcupines
  12 water moccasins
  A meliai simulacrum (D:15)
  29 orc warriors
  A hornet zombie (D:12)
  4 ice beasts
  2 sky beasts
  2 eyes of draining
  A black bear (Lair:6)
  4 necrophages
  8 ogres
  5 boggarts
  6 phantoms
  19 wolves
  16 crocodiles
  19 centaurs
  A big kobold (D:7)
  A gnoll sergeant (D:7)
  16 bullfrogs
  8 scorpions
  A water moccasin skeleton (D:5)
  9 killer bees
  7 wights
  An electric eel (Lair:3)
  11 crimson imps
  A howler monkey (D:6)
  A quasit (D:7)
  2 human zombies (D:12)
  16 orc priests
  6 hounds
  7 jellies
  A bullfrog skeleton (D:9)
  4 centaur skeletons
  Jessica (D:2)
  2 iguanas
  8 worker ants
  Natasha (thrice) (D:2)
  20 orc wizards
  3 hell rats (D:7)
  A killer bee zombie (D:10)
  An ogre zombie (D:12)
  An ogre skeleton (D:12)
  A hound zombie (D:10)
  3 hound skeletons
  9 gnolls
  11 adders
  4 river rats (D:7)
  3 shadow imps
  7 oozes
  An adder skeleton (D:6)
  5 worms
  A dart slug (D:1)
  3 leopard geckos
  93 orcs
  7 giant cockroaches
  7 goblins
  8 hobgoblins
  9 jackals
  A quokka (D:3)
  10 bats
  6 frilled lizards
  12 kobolds
  2 orc zombies (D:12)
  A quokka skeleton (D:9)
  2 quokka zombies (D:6)
  26 rats
778 creatures vanquished.

Vanquished Creatures (collateral kills)
  A death knight (D:13)
  2 death yaks (D:9)
  A freezing wraith (D:14)
  Grinder (D:5)
  A centaur (D:14)
  A crocodile (D:9)
  A jelly (D:9)
  A hell rat (D:9)
  A river rat (D:9)
  An adder zombie (D:9)
  3 orcs (D:9)
  A giant cockroach (D:5)
15 creatures vanquished.

Vanquished Creatures (others)
  A bullfrog zombie (D:13)
  6 fungi
  2 plants (Lair:6)
9 creatures vanquished.

Grand Total: 802 creatures vanquished

Notes
Turn   | Place    | Note
-------+----------+-------------------------------------------
     0 | D:1      | 2tousent the Felid Berserker began the quest for the Orb.
     0 | D:1      | Reached XP level 1. HP: 10/10 MP: 2/2
    67 | D:1      | Reached skill level 1 in Stealth
    67 | D:1      | Reached XP level 2. HP: 13/14 MP: 3/3
   300 | D:1      | Found a shimmering altar of Xom.
   478 | D:1      | Reached XP level 3. HP: 17/17 MP: 4/4
   738 | D:2      | Noticed Jessica
   745 | D:2      | Killed Jessica
   745 | D:2      | Reached ** piety under Trog
   745 | D:2      | Reached skill level 2 in Stealth
   745 | D:2      | Reached XP level 4. HP: 12/22 MP: 5/5
  1056 | D:2      | Noticed Natasha
  1070 | D:2      | Killed Natasha
  1070 | D:2      | Reached skill level 5 in Dodging
  1128 | D:2      | Noticed Natasha
  1136 | D:2      | Killed Natasha
  1136 | D:2      | Reached XP level 5. HP: 14/25 MP: 6/6
  1585 | D:2      | Noticed Natasha
  1595 | D:2      | Killed Natasha
  1789 | D:3      | Reached skill level 3 in Stealth
  1795 | D:3      | Gained mutation: You are covered in thick fur. (AC +2)
                  | [Felid growth]
  1795 | D:3      | Reached XP level 6. HP: 29/29 MP: 7/7
  1942 | D:3      | Found an ancient bone altar of Kikubaaqudgha.
  1943 | D:3      | Found a shadowy altar of Dithmenos.
  2168 | D:3      | Reached *** piety under Trog
  2217 | D:3      | Found an ornate altar of the Wu Jian Council.
  2219 | D:3      | Found a sparkling altar of Nemelex Xobeh.
  2317 | D:3      | Reached skill level 5 in Fighting
  2891 | D:3      | Reached XP level 7. HP: 33/33 MP: 8/8
  3049 | D:4      | Reached skill level 5 in Unarmed Combat
  3061 | D:4      | Reached skill level 4 in Stealth
  3888 | D:4      | Found Pewa's Armour Shop.
  4383 | D:5      | Entered Level 5 of the Dungeon
  4444 | D:5      | Noticed a moth of wrath
  4446 | D:5      | Noticed Grinder
  4472 | D:5      | Slain by Grinder
  4473 | D:5      | Reached XP level 6. HP: 0/30 MP: 7/7
  4555 | D:5      | Reached XP level 7. HP: 31/34 MP: 8/8
  4662 | D:5      | Reached **** piety under Trog
  4676 | D:5      | Reached skill level 5 in Stealth
  4944 | D:5      | Killed Grinder
  5050 | D:5      | Found a bloodstained altar of Trog.
  5244 | D:5      | Noticed Edmund
  5261 | D:5      | Killed Edmund
  5261 | D:5      | Reached XP level 8. HP: 34/38 MP: 9/9
  5876 | D:6      | Reached skill level 6 in Stealth
  6293 | D:6      | Noticed a manticore
  6299 | D:6      | Killed a manticore
  6299 | D:6      | Reached XP level 9. HP: 25/42 MP: 10/10
  6936 | D:7      | Noticed Menkaure
  6945 | D:7      | Killed Menkaure
  6945 | D:7      | Reached skill level 10 in Dodging
  6945 | D:7      | Reached skill level 7 in Stealth
  7908 | D:7      | Found the +2 ratskin cloak {+Rats rPois rN+ Str-1 Int-1
                  | Dex+1}
  7956 | D:7      | Found a staircase to the Ecumenical Temple.
  7977 | D:7      | Reached ***** piety under Trog
  8581 | D:8      | Reached XP level 10. HP: 39/48 MP: 11/11
  9073 | D:8      | Reached skill level 8 in Stealth
  9226 | D:9      | Found a staircase to the Lair.
  9226 | D:9      | Noticed a death yak
  9228 | D:9      | Noticed a death yak
  9229 | D:9      | Noticed a death yak
  9238 | D:9      | Killed a death yak
  9244 | D:9      | Killed a death yak
  9245 | D:9      | Killed a death yak
  9291 | D:8      | Noticed a rust devil
  9580 | D:9      | Noticed Erolcha
  9588 | D:9      | Killed Erolcha
  9726 | D:9      | Found a runed translucent gate.
  9726 | D:9      | Found a runed translucent gate.
  9726 | D:9      | Found a runed translucent gate.
  9793 | D:9      | Reached skill level 9 in Stealth
 10013 | D:9      | Noticed RedSky's ghost (novice FeTm)
 10138 | D:10     | Entered Level 10 of the Dungeon
 10138 | D:10     | Noticed a gargoyle
 10148 | D:10     | Killed a gargoyle
 10325 | D:10     | Reached XP level 11. HP: 53/53 MP: 9/12
 10482 | D:10     | Found Pinimiq's Jewellery Emporium.
 10487 | D:10     | Found Emul's Book Shop.
 10586 | D:10     | Reached skill level 10 in Fighting
 10733 | D:10     | Identified 3 scrolls of acquirement
 10733 | D:10     | Identified the ring "Qitrig" {rF+ rC+ Str+2 Dex+5 SInv}
                  | (You acquired it on level 10 of the Dungeon)
 10735 | D:10     | Identified the ring "Zecloqo" {rCorr Dex+8} (You acquired
                  | it on level 10 of the Dungeon)
 10828 | D:10     | Found Kuphoiss's Book Emporium.
 10883 | D:10     | Noticed Urug
 10908 | D:10     | Killed Urug
 10908 | D:10     | Reached skill level 10 in Unarmed Combat
 11171 | D:10     | Reached skill level 10 in Stealth
 11185 | D:10     | Found a staircase to the Orcish Mines.
 11399 | D:11     | You fall into a shaft and drop 2 floors!
 11411 | D:13     | Noticed a purple ugly thing
 11413 | D:13     | Killed a purple ugly thing
 11484 | D:12     | Reached skill level 1 in Evocations
 12538 | D:11     | Noticed a four-headed hydra
 12549 | D:11     | Killed a four-headed hydra
 12909 | D:11     | Found a radiant altar of Vehumet.
 13463 | D:12     | Noticed an eight-headed hydra
 13563 | D:12     | Killed an eight-headed hydra
 13828 | D:12     | Gained mutation: Your thick and shaggy fur keeps you warm.
                  | (AC +3, rC+) [Felid growth]
 13828 | D:12     | Reached XP level 12. HP: 59/59 MP: 15/15
 14024 | D:12     | Noticed a five-headed hydra
 14032 | D:12     | Killed a five-headed hydra
 14094 | D:12     | Paralysed by a hornet for 3 turns
 14100 | D:12     | HP: 4/88 [poisoned by a hornet]
 14102 | D:12     | HP: 1/88 [poisoned by a hornet]
 14103 | D:12     | Succumbed to a hornet's poison
 14104 | D:12     | Reached XP level 11. HP: -2/82 MP: 15/15
 14148 | D:12     | Found a basalt altar of Yredelemnul.
 14386 | D:13     | Noticed a centaur warrior
 14397 | D:13     | Killed a centaur warrior
 14397 | D:13     | Reached skill level 5 in Evocations
 14500 | D:13     | Noticed a catoblepas
 14504 | D:13     | Killed a catoblepas
 14727 | D:13     | Identified the ring of Suspicion {-Tele rElec rC+ Int+3}
 14727 | D:13     | Noticed Jorgrun
 14744 | D:13     | HP: 1/85 [Jorgrun/+0 vorpal quarterstaff (4)]
 14746 | D:13     | Killed Jorgrun
 15072 | D:13     | Noticed a two-headed ogre
 15075 | D:13     | Killed a two-headed ogre
 15078 | D:13     | Reached XP level 12. HP: 61/61 MP: 16/16
 15182 | D:13     | Reached ****** piety under Trog
 15311 | D:13     | Noticed a tengu warrior
 15335 | D:13     | Killed a tengu warrior
 15374 | D:13     | Found Adoycoad's Armour Shoppe.
 15524 | D:13     | Noticed a death knight
 15535 | D:13     | Killed a death knight
 15539 | D:13     | Got a scintillating tin ring
 15718 | Lair:1   | Entered Level 1 of the Lair of Beasts
 15718 | Lair:1   | Noticed Erica
 15719 | Lair:1   | Killed Erica
 16712 | Lair:2   | Reached skill level 11 in Stealth
 17346 | Lair:2   | Identified the ring of Sockof {rC+ Int+6} (You found it on
                  | level 13 of the Dungeon)
 17440 | Lair:3   | Found a shattered altar of Ashenzari.
 17495 | Lair:3   | Reached skill level 12 in Stealth
 18052 | Lair:3   | Found a staircase to the Snake Pit.
 18241 | Lair:3   | Found a staircase to the Shoals.
 18604 | Lair:4   | Noticed a six-headed hydra
 18617 | Lair:4   | Killed a six-headed hydra
 18617 | Lair:4   | Reached skill level 15 in Dodging
 18908 | Lair:4   | Reached skill level 13 in Stealth
 18908 | Lair:4   | Reached XP level 13. HP: 66/66 MP: 17/17
 19256 | Lair:4   | Found a shadowy altar of Dithmenos.
 19748 | Lair:5   | Reached skill level 14 in Stealth
 19818 | Lair:5   | Found a staircase to the Slime Pits.
 19822 | Lair:5   | Found a viscous altar of Jiyva.
 19830 | Lair:5   | Noticed Kirke
 19839 | Lair:5   | Killed Kirke
 20474 | Lair:6   | Entered Level 6 of the Lair of Beasts
 20488 | Lair:6   | Reached skill level 15 in Stealth
 21099 | Lair:6   | Reached skill level 16 in Stealth
 21630 | Lair:6   | Reached XP level 14. HP: 72/72 MP: 18/18
 21663 | Lair:6   | Paralysed by a hornet for 3 turns
 21665 | Lair:6   | HP: 3/72 [hornet (13)]
 21883 | Lair:6   | Reached skill level 17 in Stealth
 22283 | Lair:6   | Identified the +4 mace of Palaahep {vorpal, Fragile rPois
                  | rC+ MR+}
 23005 | Orc:1    | Entered Level 1 of the Orcish Mines
 23032 | Orc:2    | Entered Level 2 of the Orcish Mines
 23744 | Orc:2    | Reached skill level 15 in Fighting
 23744 | Orc:2    | Reached skill level 15 in Unarmed Combat
 24027 | Orc:2    | Reached skill level 18 in Stealth
 24048 | Orc:2    | Slain by an orc warrior
 24049 | Orc:2    | Reached XP level 13. HP: -2/69 MP: 17/17
 24178 | Orc:2    | Found a staircase to the Elven Halls.
 24188 | Orc:2    | Found Anen's Antique Armour Emporium.
 24629 | Orc:2    | Found Loagioto's Jewellery Shop.
 24646 | Orc:2    | Noticed an orc warlord
 24648 | Orc:2    | Found Kidogesm's General Store.
 24667 | Orc:2    | Killed an orc warlord
 25183 | Orc:2    | Found Aros's Antique Weapon Emporium.
 25184 | Orc:2    | Noticed Snorg
 25197 | Orc:2    | Killed Snorg
 25685 | Orc:2    | Bought the ring of Aroul {rPois MR+ Stlth+} for 480 gold
                  | pieces
 25978 | D:14     | Found a gate to the Vaults.
 25985 | D:14     | Reached skill level 19 in Stealth
 26188 | D:14     | Noticed a fire giant
 26192 | D:14     | Killed a fire giant
 26192 | D:14     | Reached XP level 14. HP: 73/73 MP: 18/18
 26965 | D:14     | Reached skill level 20 in Stealth
 27138 | D:15     | Entered Level 15 of the Dungeon
 27335 | D:15     | Found a staircase to the Depths.
 27871 | Depths:1 | Entered Level 1 of the Depths
 28085 | Snake:1  | Entered Level 1 of the Snake Pit
 28799 | Snake:1  | Noticed Nikola
 28800 | Snake:1  | Found Qimet's General Store.
 28801 | Snake:1  | Found Fohut's Jewellery Shop.
 28801 | Snake:1  | Found Sian's Food Boutique.
 28804 | Snake:1  | Found Caddueg's Weapon Boutique.
 28817 | Snake:1  | HP: 4/112 [shock serpent/electric aura (4)]
 28818 | Snake:1  | Killed from afar by a shock serpent
 28819 | Snake:1  | Reached XP level 13. HP: 0/106 MP: 18/18
 28850 | Snake:1  | Killed Nikola
 28850 | Snake:1  | Reached XP level 14. HP: 47/75 MP: 19/19
 29090 | Snake:1  | Bought a box of beasts for 340 gold pieces
 29093 | Snake:1  | Bought the ring of Shadows {Umbra +Inv Stlth+} for 600 gold
                  | pieces
 29093 | Snake:1  | Found the ring of Shadows {Umbra +Inv Stlth+}
 29211 | Snake:1  | Noticed Roxanne
 29230 | Snake:1  | Killed Roxanne
 29535 | Snake:2  | Noticed a nagaraja
 29543 | Snake:2  | Killed a nagaraja
 29582 | Snake:2  | You fall into a shaft and drop 1 floor!
 29859 | Snake:2  | Found a frozen archway.
 29869 | Snake:2  | Slain by a naga warrior

Levels and vault maps discovered:
D:1:      dpeg_arrival_shelter, layout_basic, hangedman_decor_diamond_cutter,
          xom_teletrap_fun
D:2:      layout_basic, serial_glass, glass_columns_b, glass_columns_b,
          glass_columns_a, glass_columns_a, glass_columns_b, glass_columns_a,
          glass_columns_b, glass_columns_a, first_ration,
          kennysheep_generic_room_4, uniq_jessica, uniq_natasha
D:3:      layout_basic, chequers_temple_overflow_statue_of_worship
D:4:      layout_basic, serial_shops, kennysheep_little_box,
          hangedman_decor_points
D:5:      layout_loops_ring, tgw_trog, uniq_edmund, uniq_grinder
D:6:      cheibrodos_barr_body, layout_loops_corners
D:7:      wander_guarded_unrand_ratskin, layout_loops_ring,
          minmay_temple_entry_gardened_gates, uniq_menkaure
D:8:      layout_basic
D:9:      layout_big_octagon, dpeg_lair_monsters, gammafunk_ghost_icy,
          hangedman_little_slice_of_home, uniq_erolcha
D:10:     layout_basic, hiddenorc1_lemuel, serial_shops, kennysheep_mini, shop,
          nicolae_shop_stone, nicolae_straight_to_the_point, uniq_urug
D:11:     layout_basic, lemuel_centaur_altar
D:12:     layout_small_grid, lemuel_mausoleum_altar_yredelemnul
D:13:     layout_layer_cave, serial_shops,
          nicolae_shop_temple_entry_statues_fountains,
          minmay_hollow_rounded_squares, uniq_jorgrun
D:14:     layout_roguey, david_vaults_2, minmay_three_doors
D:15:     hangedman_depths_entry_civil_slaughter, layout_small_grid,
          minmay_misc_feat_cross
Lair:1:   layout_hall_layers, grunt_megastairs_3, uniq_erica
Lair:2:   layout_long_grid, chequers_serial_rivers_room_a,
          chequers_serial_rivers_large_a, grunt_megastairs_1
Lair:3:   layout_loops_ring, elwin_shoals_entry_rooms, dummy_snake_entry,
          basic_altar, nicolae_quartered_pool_little
Lair:4:   layout_roguey, basic_altar
Lair:5:   layout_regular_city, slime_altar_1, patterned_corridor, uniq_kirke
Lair:6:   minmay_lair_end_enchanted_forest, layout_gridlike,
          infiniplex_staircase_pool, grunt_megastairs_5
Snake:1:  layout_gridlike, grunt_ministairs_1, minmay_shoptagon,
          lemuel_fruit_tree, uniq_roxanne, uniq_nikola
Snake:2:  layout_onion_interference, serial_shops, shop,
          portal_ice_cave_entry_ice_statue_one, grunt_ministairs_3,
          evilmike_ambush [evilmike_ambush_outer_pillars,
          evilmike_ambush_inner_basic]
Snake:3:  layout_basic, serial_shops, shop, grunt_ministairs_10,
          lightli_airlock, minmay_shop_grove
Orc:1:    layout_diamond_mine
Orc:2:    grunt_orc_gardens, layout_caves, grunt_orc_garden, grunt_orc_garden,
          grunt_orc_garden, grunt_orc_garden, guppyfry_library_mini, uniq_snorg
Depths:1: layout_gridlike, grunt_hell_horde, chequers_decorated_corner,
          serial_bayou_crossing, roderic_lattice_octagonal_star, uniq_sojobo

Skill      XL: |  1  2  3  4  5  6  7  8  9 10 11 12 13 14 |
---------------+-------------------------------------------+-----
Stealth        | 1 2 3 5 6 7 9 10 13 19 20 | 20.0
Dodging        | 5 6 8 9 10 12 14 15 17 | 17.4
Fighting       | 4 5 6 7 8 9 12 13 14 16 | 16.7
Unarmed Combat | 4 6 7 8 9 12 13 14 16 | 16.7
Evocations     | 5 4 7 |  7.0

Action                   |  1- 3 |  4- 6 |  7- 9 | 10-12 | 13-15 || total
-------------------------+-------+-------+-------+-------+-------++-------
Melee: Unarmed           |    54 |   182 |   463 |   738 |   983 ||  2420
       Bite              |     2 |    24 |    48 |   122 |   156 ||   352
       Punch             |       |     2 |    13 |    56 |    98 ||   169
Invok: Berserk           |     2 |     5 |    15 |    26 |    35 ||    83
       Trog's Hand       |       |     1 |     2 |     6 |     7 ||    16
       Brothers in Arms  |       |       |     1 |     5 |     4 ||    10
Evoke: Wand              |       |       |       |     5 |       ||     5
  Use: Scroll            |       |     3 |     9 |    20 |     7 ||    39
       Potion            |       |       |     1 |       |     4 ||     5
 Stab: Sleeping          |     7 |     3 |    28 |    50 |    50 ||   138
       Distracted        |       |     1 |     1 |     3 |     6 ||    11
       Paralysed         |       |       |       |     3 |       ||     3
  Eat: Chunk             |     4 |    14 |    28 |    47 |    52 ||   145
       Ration            |       |       |       |       |     2 ||     2
Armor: Skin              |     3 |    11 |     5 |     4 |    15 ||    38
Dodge: Dodged            |    29 |   198 |   362 |   673 |   961 ||  2223

Table legend:
 A = Non-vault XP
 B = Vault XP
 C = Vault XP percentage of total XP
 D = Non-vault monster count
 E = Vault monster count
 F = Vault count percentage of total count
                 A         B        C        D         E       F
            +---------+---------+-------+---------+---------+-------
      Total |   99805 |   57667 |  36.6 |     582 |     211 |  26.6
            +---------+---------+-------+---------+---------+-------
        D:1 |      42 |       0 |   0.0 |      24 |       0 |   0.0
        D:2 |     149 |     114 |  43.3 |      18 |       3 |  14.3
        D:3 |     430 |       0 |   0.0 |      44 |       0 |   0.0
        D:4 |     524 |       0 |   0.0 |      21 |       0 |   0.0
        D:5 |     678 |     314 |  31.7 |      28 |       7 |  20.0
        D:6 |     642 |    1064 |  62.4 |      20 |       9 |  31.0
        D:7 |    1256 |     334 |  21.0 |      26 |      22 |  45.8
        D:8 |    1764 |       0 |   0.0 |      32 |       0 |   0.0
        D:9 |     190 |    2756 |  93.6 |      13 |      14 |  51.9
       D:10 |    3618 |     901 |  19.9 |      34 |      18 |  34.6
       D:11 |    3746 |     437 |  10.4 |      26 |       4 |  13.3
       D:12 |    5302 |     888 |  14.3 |      22 |      12 |  35.3
       D:13 |    6897 |    5820 |  45.8 |      19 |      11 |  36.7
       D:14 |   12823 |    5304 |  29.3 |      38 |       6 |  13.6
       D:15 |    9038 |    5250 |  36.7 |      22 |       6 |  21.4
     Lair:1 |    1211 |    1771 |  59.4 |       9 |       4 |  30.8
     Lair:2 |    3483 |     346 |   9.0 |      14 |       3 |  17.6
     Lair:3 |    2109 |       0 |   0.0 |      10 |       0 |   0.0
     Lair:4 |    5977 |       0 |   0.0 |      23 |       0 |   0.0
     Lair:5 |    7371 |    2192 |  22.9 |      27 |       1 |   3.6
     Lair:6 |   12726 |    9537 |  42.8 |      43 |      47 |  52.2
    Snake:1 |    9017 |    6345 |  41.3 |      17 |       4 |  19.0
    Snake:2 |    1784 |    2713 |  60.3 |       4 |       3 |  42.9
    Snake:3 |    4057 |     888 |  18.0 |       8 |       2 |  20.0
      Orc:1 |    2494 |       0 |   0.0 |      20 |       0 |   0.0
      Orc:2 |    2477 |   10693 |  81.2 |      20 |      35 |  63.6
            +---------+---------+-------+---------+---------+-------
